 Dungeon Crawl Stone Soup version 0.17-a0-2073-gde5cdba (webtiles) character file.

2097 vatarom the Nimble (level 9, 0/63 HPs)
             Began as a Demonspawn Gladiator on Oct 15, 2015.
             Slain by Edmund
             ... wielding a +0 flail of crushing
              (1 damage)
             ... on level 7 of the Dungeon.
             The game lasted 00:18:47 (4950 turns).

vatarom the Nimble (Demonspawn Gladiator)           Turns: 4950, Time: 00:18:47

Health: 0/63       AC: 13    Str: 18    XL:     9   Next: 7%
Magic:  9/9        EV: 11    Int: 10    God:
Gold:   250        SH:  3    Dex: 16    Spells: 0 memorised, 8 levels left

rFire  . . .     SeeInvis .     o - +2 flail (drain)
rCold  . . .     Clarity  .     j - +0 chain mail
rNeg   . . .     SustAt   .     l - +0 buckler (curse)
rPois  .         Gourm    .     (helmet restricted)
rElec  .         Spirit   .     p - +0 cloak
rCorr  .         Warding  .     g - +0 pair of gloves
rMut   .         Stasis   .     (no boots)
MR     .....                    (no amulet)
Stlth  ..........               b - ring of stealth
                                h - +2 ring of dexterity

@: not resistant to hostile enchantments, extremely unstealthy
A: horns 2, molten scales 1, nightstalker 1
a: no special abilities


You were on level 7 of the Dungeon.
You were not hungry.

You visited 2 branches of the dungeon, and saw 8 of its levels.

You collected 250 gold pieces.

Inventory:

Hand Weapons
 o - a +2 flail of draining (weapon)
 u - a +0 whip of freezing
Missiles
 d - 2 throwing nets (quivered)
Armour
 c - a +0 helmet
 g - a +0 pair of gloves (worn)
 j - a +0 chain mail (worn)
 l - a cursed +0 buckler (worn)
 p - a +0 cloak (worn)
Jewellery
 b - a ring of stealth (right hand)
 h - a +2 ring of dexterity (left hand)
Wands
 n - a wand of magic darts (46)
 r - a wand of slowing (12)
Scrolls
 a - a scroll of magic mapping
 e - 4 scrolls of noise
 i - 3 scrolls of remove curse
 s - a scroll of fog
 v - a scroll of identify
Potions
 f - a potion of resistance
Books
 q - Apukk's Introduction to Wizardry
   (You found it on level 5 of the Dungeon)

   Spells                             Type                      Level
   a - Infusion                       Charms                       1
   b - Freeze                         Ice                          1
   c - Animate Skeleton               Necromancy                   1
   d - Pain                           Necromancy                   1
   e - Summon Small Mammal            Summoning                    1
Comestibles
 k - a meat ration
 m - 3 bread rations


   Skills:
 - Level 3.1 Fighting
 - Level 4.1 Maces & Flails
 - Level 1.7 Throwing
 - Level 6.0 Armour
 * Level 8.7 Dodging


You had 8 spell levels left.
You didn't know any spells.

Dungeon Overview and Level Annotations

Branches:
Dungeon (7/15)             Temple (1/1) D:4

Altars:
Dithmenos
Elyvilon
Gozag
Kikubaaqudgha
Makhleb
Nemelex Xobeh
Okawaru
Qazlal
Sif Muna
Vehumet
Yredelemnul
Zin
Lugonu

Annotations:
D:7 Edmund


Innate Abilities, Weirdness & Mutations

You have a pair of horns on your head.
You are partially covered in molten scales (AC +1).
You are slightly more attuned to the shadows.


Message History

You block the jackal zombie's attack.
Edmund hits you with a flail of crushing.
* * * LOW HITPOINT WARNING * * *
x2 Unknown command.
You hit Edmund but do no damage. Your headbutt misses Edmund.
Edmund is moderately wounded.
You block the jackal zombie's attack. Edmund hits you but does no damage.
Your magical contamination has completely faded away.
Unknown command.
You hit Edmund.
Edmund is moderately wounded.
The jackal zombie bites you but does no damage.
Edmund hits you with a flail of crushing.
* * * LOW HITPOINT WARNING * * *
x2 You hit Edmund.
You headbutt Edmund.
Edmund is heavily wounded.
The jackal zombie bites you but does no damage.
Edmund hits you with a flail of crushing.
* * * LOW HITPOINT WARNING * * *
You die...

#. #.....#.
#.##......
.........#
.........##
..........##.
.......Z.....
.....!@@.....
....####.....
.. .... #.. (


You could see Edmund and a jackal zombie.

Vanquished Creatures
  Pikel (D:6)
  Grinder (D:6)
  2 ice beasts
  A phantom (D:4)
  2 centaurs (D:5)
  Blork the orc (D:5)
  A giant frog (D:6)
  A scorpion (D:6)
  A crimson imp (D:5)
  A hound (D:4)
  An orc priest (D:3)
  Crazy Yiuf (D:4)
  A giant frog skeleton (D:4)
  An iguana (D:5)
  2 centaur skeletons
  5 worker ants
  An orc wizard (D:4)
  A worker ant zombie (D:5)
  9 adders
  A shadow imp (D:5)
  2 oozes
  An adder zombie (D:5)
  3 worms (D:2)
  3 giant geckos (D:2)
  9 orcs
  2 ball pythons
  5 giant cockroaches
  7 hobgoblins
  3 jackals (D:1)
  9 kobolds
  4 quokkas
  13 bats
  A giant gecko zombie (D:5)
  3 giant newts
  7 goblins
  9 rats
116 creatures vanquished.

Vanquished Creatures (others)
  The ghost of Rayvis the Covert, a novice OpAs of Dithmenos (D:6)
  A crimson imp (D:6)
  3 plants (D:2)
5 creatures vanquished.

Grand Total: 121 creatures vanquished

Notes
Turn   | Place    | Note
--------------------------------------------------------------
     0 | D:1      | vatarom the Demonspawn Gladiator began the quest for the Orb.
     0 | D:1      | Reached XP level 1. HP: 16/16 MP: 1/1
    69 | D:1      | Reached skill level 1 in Armour
   222 | D:1      | Gained mutation: You are slightly more attuned to the shadows. [demonic ancestry]
   222 | D:1      | Reached XP level 2. HP: 17/22 MP: 2/2
  1036 | D:2      | Reached XP level 3. HP: 25/27 MP: 3/3
  1056 | D:2      | Found a shadowy altar of Dithmenos.
  1270 | D:2      | Reached skill level 3 in Fighting
  1493 | D:2      | Found a sparkling altar of Nemelex Xobeh.
  1512 | D:2      | Reached XP level 4. HP: 32/35 MP: 4/4
  2406 | D:3      | Reached skill level 4 in Maces & Flails
  2406 | D:3      | Reached XP level 5. HP: 41/41 MP: 5/5
  2519 | D:3      | Found a faded altar to an unknown god.
  3195 | D:4      | Reached XP level 6. HP: 29/47 MP: 6/6
  3311 | D:4      | Noticed a phantom
  3341 | D:4      | Killed a phantom
  3549 | D:4      | Noticed Crazy Yiuf
  3557 | D:4      | Killed Crazy Yiuf
  3557 | D:4      | Reached skill level 5 in Armour
  3693 | D:4      | Found a basalt altar of Yredelemnul.
  3715 | D:4      | Found a staircase to the Ecumenical Temple.
  3745 | Temple   | Entered the Ecumenical Temple
  3832 | D:5      | Entered Level 5 of the Dungeon
  3877 | D:5      | Gained mutation: You are partially covered in molten scales (AC +1). [demonic ancestry]
  3877 | D:5      | Reached XP level 7. HP: 30/52 MP: 7/7
  3975 | D:5      | Identified Apukk's Introduction to Wizardry
  4095 | D:5      | Reached skill level 6 in Armour
  4187 | D:5      | Noticed Blork the orc
  4194 | D:5      | Killed Blork the orc
  4407 | D:5      | Reached skill level 5 in Dodging
  4490 | D:6      | Noticed Pikel
  4503 | D:6      | Noticed Rayvis's ghost (novice OpAs)
  4506 | D:6      | Killed Pikel
  4506 | D:6      | Gained mutation: You have a pair of small horns on your head. [demonic ancestry]
  4506 | D:6      | Reached XP level 8. HP: 40/58 MP: 8/8
  4515 | D:6      | Killed Rayvis's ghost
  4515 | D:6      | Reached skill level 7 in Dodging
  4534 | D:6      | Reached skill level 8 in Dodging
  4866 | D:6      | Found an opulent altar of Gozag.
  4897 | D:6      | Noticed Grinder
  4910 | D:6      | Killed Grinder
  4910 | D:6      | Gained mutation: You have a pair of horns on your head. [demonic ancestry]
  4910 | D:6      | Reached XP level 9. HP: 23/63 MP: 9/9
  4912 | D:6      | Noticed Edmund
  4950 | D:7      | HP: 1/63 [Edmund/flail of crushing (3)]
  4950 | D:7      | Slain by Edmund

Vault maps used:
D:1:      lemuel_arrival_rhombus, corexii_item_surrounded_by_moat
D:2:      nemelex_xobeh_ov_fountains_minmay, overflow_temple_1_default,
          lexackson_kobold_supper
D:3:      ecumenical_altar_1, minmay_misc_feat_x, serial_bayou_pond_a
D:4:      temple_statues, first_bread, minivault_1, yredelemnul_altar_generic,
          uniq_crazy_yiuf_cottage
D:5:      uniq_blork_the_orc
D:6:      nicolae_gozag_seed_capital, cheibriados_altar_1,
          lemuel_flamethrower_1, uniq_grinder, uniq_edmund, uniq_pikel
D:7:      nicolae_overflow_hidden_temple, tgw_fedhas,
          ashenzari_conservatory_becter, ashenzari_altar_1
Temple:   corrupted_temple

Action                   |  1- 3 |  4- 6 |  7- 9 || total
-------------------------+-------+-------+-------++-------
Melee: Flail             |   142 |   243 |   147 ||   532
       Whip              |     5 |       |       ||     5
Throw: Throwing net      |     5 |     6 |       ||    11
Evoke: Wand              |       |     1 |     2 ||     3
  Use: Scroll            |     6 |     3 |     4 ||    13
       Potion            |     4 |     3 |     3 ||    10
 Stab: Sleeping          |     7 |       |       ||     7
       Distracted        |     1 |       |       ||     1
       Held in net/web   |     2 |     2 |       ||     4
  Eat: Bread ration      |     1 |       |       ||     1
       Chunk             |     1 |       |       ||     1
       Meat ration       |       |     1 |     1 ||     2
